 Dungeon Crawl Stone Soup version 0.28-a0-224-g76b539d98b (webtiles) character file.

Game seed: 10716591751058909999

191291 Anon1729 the Unseen (level 18, -1/128 HPs)
             Began as an Octopode Monk on Aug 21, 2021.
             Was an Initiate of Gozag.
             Slain by a faun (31 damage)
             ... led by a satyr
             ... on level 3 of the Shoals.
             The game lasted 05:13:33 (78569 turns).

Anon1729 the Unseen (Octopode Monk)                Turns: 78569, Time: 05:13:33

Health: -1/128     AC:  4    Str: 31    XL:     18   Next: 19%
Magic:  0/31       EV: 26    Int: 21    God:    Gozag
Gold:   2235       SH:  0    Dex: 27    Spells: 6/23 levels left

rFire   + . .      SeeInvis +     - Unarmed
rCold   . . .      Faith    .   (no shield)
rNeg    . . .      Spirit   +   K - +3 hat of Subruor {Str+4 Dex+5}
rPois   +          Reflect  .   y - amulet of guardian spirit
rElec   +          Harm     .   S - ring of willpower
rCorr   +          Rampage  .   p - +6 ring of strength
Will    +....                   a - ring of magical power
Stlth   +++++++++.              T - ring "Eciloiki" {rElec rF+ Will- Str+2 Dex+2}
HPRegen 0.31/turn               Q - ring "Baezxaci" {rPois rCorr Int+2 Slay+3}
MPRegen 0.22/turn               R - ring of the Circus Animal {Will+ Str+7 SInv}
                                U - ring "Nilo" {SInv Stlth+}
                                c - +6 ring of dexterity

@: mighty, brilliant, weak-willed, gold aura, studying Fighting
A: almost no armour, amphibious, 8 rings, camouflage 1, gelatinous body 1,
(nimble swimmer 1), tentacles
}: 1/15 runes: gossamer
a: Renounce Religion, Potion Petition, Call Merchant, Bribe Branch


You were on level 3 of the Shoals.
You worshipped Gozag.
Gozag was most pleased with you.
You visited 6 branches of the dungeon, and saw 31 of its levels.
You also visited: Ossuary, Bailey and Gauntlet.

You collected 11644 gold pieces.
You spent 2541 gold pieces at shops.
You paid 6868 gold pieces to Gozag.

Inventory:

Missiles
 E - 8 atropa-tipped darts
 L - 5 throwing nets
 P - 34 poisoned darts (quivered)
 V - 51 javelins
 X - 3 curare-tipped darts
Armour
 K - the +3 hat of Subruor (worn) {Str+4 Dex+5}
   (You acquired it in a Gauntlet)

   Str:       It affects your strength (+4).
   Dex:       It affects your dexterity (+5).
Jewellery
 a - a ring of magical power (on tentacle)
 c - a +6 ring of dexterity (on tentacle)
 d - a ring of protection from fire
 n - a ring of ice
 p - a +6 ring of strength (right tentacle)
 y - an amulet of guardian spirit (around mantle)
 O - a ring of flight
 Q - the ring "Baezxaci" (on tentacle) {rPois rCorr Int+2 Slay+3}
   (You bought it in a shop on level 4 of the Dungeon)

   [ring of resist corrosion]

   Int:       It affects your intelligence (+2).
   Slay:      It affects your accuracy & damage with ranged weapons and melee
   (+3).
   rPois:     It protects you from poison.
   rCorr:     It protects you from acid and corrosion.
 R - the ring of the Circus Animal (on tentacle) {Will+ Str+7 SInv}
   (You bought it in a shop on level 4 of the Dungeon)

   [ring of see invisible]

   Str:       It affects your strength (+7).
   SInv:      It lets you see invisible.
   Will:      It increases your willpower.
 S - a ring of willpower (left tentacle)
 T - the ring "Eciloiki" (on tentacle) {rElec rF+ Will- Str+2 Dex+2}
   (You took it off a minotaur in a Gauntlet)

   [ring of protection from fire]

   Str:       It affects your strength (+2).
   Dex:       It affects your dexterity (+2).
   rF:        It protects you from fire.
   rElec:     It insulates you from electricity.
   Will:      It decreases your willpower.
 U - the ring "Nilo" (on tentacle) {SInv Stlth+}
   (You found it in a Gauntlet)

   [ring of see invisible]

   SInv:      It lets you see invisible.
   Stlth:     It makes you more stealthy.
Wands
 b - a wand of mindburst (10)
 j - a wand of digging (12)
 k - a wand of iceblast (5)
 l - a wand of acid (9)
 v - a wand of paralysis (36)
 I - a wand of charming (16)
 Z - a wand of flame (16)
Scrolls
 f - 3 scrolls of summoning
 h - 9 scrolls of magic mapping
 r - 3 scrolls of silence
 w - 5 scrolls of enchant armour
 z - 3 scrolls of immolation
 B - 4 scrolls of vulnerability
 C - 7 scrolls of teleportation
 F - a scroll of fear
 H - a scroll of holy word
 W - a scroll of blinking
Potions
 e - 9 potions of haste
 i - 4 potions of cancellation
 m - a potion of resistance
 o - 4 potions of attraction
 q - a potion of magic
 s - 7 potions of brilliance
 t - 3 potions of lignification
 u - 7 potions of mutation
 x - 3 potions of heal wounds
 G - 2 potions of berserk rage
 J - 3 potions of invisibility
 M - 13 potions of ambrosia
 N - 14 potions of curing
 Y - a potion of might
Miscellaneous
 g - a box of beasts
 A - a condenser vane
 D - a phantom mirror


   Skills:
 + Level 13.2 Fighting
 + Level 13.1 Dodging
 + Level 17.4 Stealth
 + Level 17.3 Unarmed Combat
 + Level 3.1 Spellcasting
 * Level 10.7 Transmutations
 + Level 9.5 Air Magic
 + Level 4.3 Poison Magic
 - Level 5.7 Evocations


You had 6 spell levels left.
You knew the following spells:

 Your Spells              Type           Power      Damage    Failure   Level
a - Ignite Poison         Fire/Tmut/Pois 36%        N/A       4%          3
b - Swiftness             Air            60%        N/A       1%          3
c - Passwall              Tmut/Erth      31%        N/A       2%          2
d - Wereblood             Tmut           64%        N/A       1%          2
e - Summon Lightning Spi  Summ/Air       34%        N/A       19%         4
f - Mephitic Cloud        Conj/Pois/Air  34%        N/A       6%          3

Your spell library contained the following spells:

 Spells                   Type           Power      Damage    Failure   Level
 Poisonous Vapours        Pois/Air       96%        N/A       1%          2
 Corpse Rot               Necr/Air       N/A        N/A       2%          2
 Static Discharge         Conj/Air       34%        N/A       2%          2
 Animate Skeleton         Necr           8%         N/A       13%         1
 Apportation              Tloc           8%         N/A       13%         1
 Corona                   Hex            4%         N/A       13%         1
 Magic Dart               Conj           16%        1d3       13%         1
 Pain                     Necr           16%        1d4       13%         1
 Sandblast                Erth           8%         2d5       13%         1
 Summon Small Mammal      Summ           16%        N/A       13%         1
 Ice Form                 Ice/Tmut       38%        N/A       14%         4
 Petrify                  Tmut/Erth      38%        N/A       14%         4
 Alistair's Intoxication  Tmut/Pois      34%        N/A       16%         5
 Call Imp                 Summ           4%         N/A       21%         2
 Slow                     Hex            4%         N/A       21%         2
 Confusing Touch          Hex            4%         N/A       36%         3
 Conjure Flame            Conj/Fire      4%         6-21      36%         3
 Dazzling Flash           Conj/Hex       8%         N/A       36%         3
 Ozocubu's Armour         Ice            4%         N/A       36%         3
 Stone Arrow              Conj/Erth      8%         3d7       36%         3
 Yara's Violent Unravell  Hex/Tmut       19%        3d9       36%         5
 Lightning Bolt           Conj/Air       17%        1d31      45%         5
 Eringya's Noxious Bog    Tmut/Pois      25%        N/A       65%         6
 Freezing Cloud           Conj/Ice/Air   12%        6-21      69%         5
 Animate Dead             Necr           2%         N/A       78%         4
 Hailstorm                Conj/Ice       4%         3d4       78%         4
 Iskenderun's Mystic Bla  Conj/Tloc      4%         2d3       78%         4
 Leda's Liquefaction      Hex/Erth       2%         N/A       78%         4
 Sticky Flame             Conj/Fire      4%         2d3       78%         4
 Statue Form              Tmut/Erth      25%        N/A       91%         6
 Conjure Ball Lightning   Conj/Air       17%        3x3d6     96%         6
 Agony                    Necr           4%         N/A       98%         5
 Borgnjor's Vile Clutch   Necr/Erth      2%         N/A       98%         5
 Excruciating Wounds      Necr           2%         N/A       98%         5
 Fireball                 Conj/Fire      2%         3d4       98%         5
 Lee's Rapid Deconstruct  Erth           2%         3d5*      98%         5
 Metabolic Englaciation   Hex/Ice        2%         N/A       98%         5
 Invisibility             Hex            2%         N/A       100%        6
 Simulacrum               Ice/Necr       2%         N/A       100%        6
 Starburst                Conj/Fire      2%         6d3       100%        6
 Haunt                    Necr/Summ      2%         N/A       100%        7
 Ozocubu's Refrigeration  Ice            2%         4d5       100%        7
 Borgnjor's Revivificati  Necr           2%         N/A       100%        8
 Discord                  Hex            2%         N/A       100%        8
 Disjunction              Tloc           2%         N/A       100%        8
 Ignition                 Fire           2%         3d3       100%        8
 Infestation              Necr           2%         N/A       100%        8
 Maxwell's Capacitive Co  Air            30%        ∞         100%        8
 Necromutation            Tmut/Necr      19%        N/A       100%        8
 Chain Lightning          Conj/Air       17%        3d22      100%        9
 Death's Door             Necr           2%         N/A       100%        9
 Fire Storm               Conj/Fire      2%         8d1       100%        9


Dungeon Overview and Level Annotations

Branches:
Dungeon (15/15)            Temple (1/1) D:5            Lair (6/6) D:9
 Shoals (3/4) Lair:4       Spider (4/4) Lair:3        Slime (0/5) Lair:6
    Orc (2/2) D:10            Elf (0/3) Orc:2        Vaults (0/5) D:13
 Depths (0/5) D:15        Ossuary (visited)          Bailey (visited)
Gauntlet (visited)

Altars:
Ashenzari
Cheibriados
Dithmenos
Elyvilon
Fedhas
Gozag
Hepliaklqana
Kikubaaqudgha
Makhleb
Nemelex Xobeh
Okawaru
Qazlal
Ru
Sif Muna
Trog
Uskayaw
Vehumet
Wu Jian
Xom
Yredelemnul
Zin
The Shining One
Beogh
Jiyva

Shops:
D:2 **   D:4 =*   D:7 (   D:8 *   Orc:1 =   Orc:2 (?[(   Shoals:2 *!*[

Annotations:
D:4 exclusion: downstairs
D:6 exclusion: hydra
D:12 1 runed translucent door, exclusions: death knight and two-headed ogre, Frances; NigelTetley's ghost, journeyman MiFi; Snorg


Innate Abilities, Weirdness & Mutations

You cannot wear most types of armour.
You are amphibious.
You can wear up to eight rings at the same time.
Your skin changes colour to match your surroundings (Stealth+).
Your rubbery body absorbs attacks. (AC +1, EV +1)
((You are camouflaged near water. (Stealth+)))
You have tentacles for arms and can constrict up to eight enemies at once.


Message History

You kill the faun!
The satyr plays a lulling melody on his pipes!
You struggle to resist.
You are no longer terrified.
The satyr shoots an arrow.
The arrow hits you!!!
The satyr shoots an arrow.
The arrow completely misses you.
The arrow hits the plant!!
The plant begins to die.
You tentacle-slap the satyr. You grab the satyr.
You tentacle-slap the satyr, but do no damage.
You squeeze the satyr!!
The satyr is moderately wounded.
You constrict the satyr.
The satyr shoots an arrow.
The arrow hits you!!
* * * LOW HITPOINT WARNING * * *
[a] - 384 gold - might, brilliance, heal wounds and curing [b] - 672 gold - resistance, might, haste and brilliance [c] - 378 gold - resistance and might Purchase which effect?
You feel very mighty all of a sudden.
You feel clever all of a sudden.
You feel much better.
You feel better.
You constrict the satyr!
The satyr shoots an arrow.
The arrow barely misses you.
The arrow hits the plant!!!
The faun unwields a +0 spear.
The faun wields a +1 hunting sling of flaming.
It bursts into flame!
The faun shoots a sling bullet.
The sling bullet hits you! The sling bullet burns you.
You batter the satyr!! You tentacle-slap the satyr.
You kill the satyr!
You hear a splash. x3
A nearby plant withers and dies.
The faun unwields a +1 hunting sling of flaming.
It stops flaming.
The faun wields a +0 spear.
The faun hits you with a +0 spear!!
* * * LOW HITPOINT WARNING * * *
You closely miss the faun. You grab the faun. You tentacle-slap the faun.
The faun is lightly wounded.
You constrict the faun. You batter the faun!! Your squeeze misses the faun.
The faun is heavily wounded.
You constrict the faun. The faun hits you with a +0 spear!!!
You die...
Your body crumbles into a pile of gold.

...≈≈.≈≈≈≈≈≈.P.>####..)≈≈≈≈≈≈≈≈≈≈
....≈≈≈≈≈≈≈≈≈≈≈PP..P.≈P≈≈≈≈≈≈≈≈≈≈
....≈≈≈≈≈≈≈≈≈≈≈≈≈PP...≈P≈≈≈≈≈≈≈≈≈
...≈≈≈≈≈≈≈≈≈≈≈≈≈≈≈..P.≈≈≈≈≈≈≈≈≈≈≈
....≈≈≈≈≈≈≈≈≈≈≈≈≈≈P...≈≈≈≈≈≈≈≈≈≈≈
....≈..≈≈≈≈≈≈≈≈≈≈≈≈≈P≈≈≈≈≈≈≈≈≈≈≈≈
...≈≈..≈≈≈≈≈≈≈≈≈≈P≈≈≈≈≈≈≈≈≈≈≈≈≈≈≈
....m..≈≈≈≈≈≈.....≈≈###≈≈≈≈≈≈≈≈≈≈
........≈≈≈≈≈≈..@.≈≈##.)≈≈≈≈≈≈≈≈≈
. ...≈≈≈≈≈.###c≈≈...≈≈≈≈≈≈≈≈≈≈ .
...≈≈≈≈≈.# #.$≈≈≈≈≈≈≈≈≈≈≈≈≈≈ .
...≈≈≈≈≈≈###..≈≈≈≈≈≈≈≈≈≈≈≈≈≈ ≈
...≈≈≈≈≈≈..$..≈≈≈≈≈≈≈≈≈≈≈≈≈≈ ≈
..c≈≈≈≈≈≈...≈≈≈≈≈≈≈≈≈≈≈≈≈≈≈≈ ≈
...≈.≈≈≈≈≈≈≈≈≈≈≈...≈≈≈≈≈≈≈≈≈ ≈
.....≈≈≈≈≈≈≈≈≈≈.##.≈≈≈≈≈≈≈≈≈ .
.....≈≈≈≈≈≈≈≈≈≈.# ..≈≈≈≈≈≈≈≈


You could see a faun (strong).

Vanquished Creatures
  Roxanne (Shoals:1)
  6 ghost moths
  4 emperor scorpions
  2 spark wasps (Spider:4)
  2 entropy weavers
  A minotaur (Gauntlet)
  A dire elephant (Lair:5)
  The ghost of sobakacece the Severer, a journeyman MiFi of Okawaru (Orc:2)
  3 merfolk impalers
  An ettin (Orc:2)
  7 merfolk javelineers
  Josephine (D:10)
  A vault guard (D:13)
  2 fire dragons (D:15)
  An ogre mage (Orc:1)
  5 hydras
  2 alligator snapping turtles
  Erolcha (Orc:1)
  A catoblepas (Lair:4)
  3 centaur warriors
  6 boulder beetles
  A satyr (Shoals:3)
  3 merfolk avatars
  2 tengu warriors (D:14)
  6 two-headed ogres
  Erica (Orc:1)
  4 death yaks
  Urug (Orc:1)
  4 black mambas
  3 nameless horrors
  A spectral death yak (Lair:6)
  4 skeletal warriors (D:15)
  A spectral anaconda (Lair:6)
  5 sea snakes
  A lindwurm (Lair:6)
  A wizard (D:15)
  An obsidian statue (Lair:6)
  4 necromancers (Lair:6)
  Pikel (D:4)
  4 orc knights
  2 wolf spider zombies (Spider:1)
  2 spectral wolf spiders (Spider:1)
  7 orb spiders
  3 deep elf pyromancers
  13 harpies
  20 wolf spiders
  5 ugly things
  3 oklob plants
  15 fauns
  4 cyclopes
  An orc sorcerer (Orc:2)
  12 manticores
  A shining eye (Gauntlet)
  8 elephants
  2 moths of wrath (Orc:2)
  A dire elephant zombie (Lair:6)
  4 water nymphs
  A rust devil (Gauntlet)
  9 merfolk sirens
  An unseen horror (D:11)
  5 cane toads
  3 torpor snails
  A gargoyle (D:12)
  2 kobold demonologists
  Psyche (D:12)
  2 rime drakes
  17 komodo dragons
  An efreet (D:15)
  4 demonic crawlers
  A freezing wraith (D:15)
  A tengu conjurer (D:14)
  15 jumping spiders
  6 wolf spider simulacra (Spider:1)
  6 meliai
  A queen bee (D:12)
  4 polar bears
  4 trolls
  A wind drake (shapeshifter) (D:14)
  2 wind drakes
  19 merfolk
  5 hornets (Spider:4)
  13 blink frogs
  7 snapping turtles
  2 spectral elephants (Lair:6)
  8 dream sheep
  6 shadows
  46 redbacks
  7 water elementals
  A ynoxinul (Gauntlet)
  9 wraiths
  15 tarantellas
  60 yaks
  5 wyverns
  3 steam dragons
  5 humans (D:7)
  A neqoxec (Gauntlet)
  A chaos spawn (Gauntlet)
  4 basilisks
  6 vampire mosquitoes
  A spectral cane toad (Lair:6)
  Menkaure (D:5)
  2 death yak simulacra (Lair:6)
  7 wargs (Orc:2)
  An acid dragon (D:9)
  11 water moccasins
  2 floating eyes (Gauntlet)
  2 necrophages
  33 orc warriors
  2 hornet zombies
  An ice beast (D:7)
  2 elephant zombies (Lair:6)
  20 centaurs
  9 wolves (Lair:6)
  11 ogres
  6 phantoms
  2 elephant skeletons (Lair:6)
  3 kobold brigands
  4 lemures
  16 bullfrogs
  An elf zombie (Ossuary)
  2 gnoll sergeants
  An elephant simulacrum (Lair:6)
  21 killer bees (D:12)
  9 wights
  10 electric eels
  3 centaur zombies
  A bullfrog zombie (D:6)
  3 hounds
  3 jellies
  16 orc priests
  4 bullfrog skeletons
  3 iron imps (Gauntlet)
  Jessica (D:2)
  5 iguanas
  18 orc wizards
  6 hell rats (Lair:4)
  3 mummies (Ossuary)
  2 howler monkey zombies (D:9)
  Robin (D:1)
  13 gnolls
  6 adders
  A shadow imp (D:7)
  2 white imps
  2 adder zombies (Ossuary)
  2 adder skeletons (D:4)
  3 worms
  4 dart slugs
  57 orcs
  6 bats
  9 endoplasms
  6 giant cockroaches
  22 goblins
  13 hobgoblins
  9 jackals
  2 quokkas
  10 ball pythons
  7 frilled lizards
  3 goblin zombies (Ossuary)
  2 hobgoblin zombies (Ossuary)
  31 kobolds
  3 kobold zombies (Ossuary)
  3 quokka zombies (Ossuary)
  6 rats
  4 rat zombies (Ossuary)
989 creatures vanquished.

Vanquished Creatures (collateral kills)
  A hydra (D:10)
  Sonja (D:10)
  A black mamba (Lair:5)
  A wolf spider (Spider:1)
  3 elephants (Lair:5)
  A cane toad (Lair:2)
  3 yaks (Lair:5)
11 creatures vanquished.

Vanquished Creatures (others)
  2 yaks (Lair:5)
  An elephant zombie (Lair:6)
  3 demonic plants (Gauntlet)
  52 fungi
  131 plants
  34 withered plants
223 creatures vanquished.

Grand Total: 1223 creatures vanquished

Notes
Turn   | Place    | Note
-------+----------+-------------------------------------------
     0 | D:1      | Anon1729 the Octopode Monk began the quest for the Orb.
     0 | D:1      | Reached XP level 1. HP: 16/16 MP: 1/1
   258 | D:1      | Reached XP level 2. HP: 21/21 MP: 2/2
   776 | D:1      | Reached XP level 3. HP: 26/26 MP: 3/3
  1633 | D:2      | Found Reqagrin's General Store.
  1660 | D:2      | Noticed Jessica
  1789 | D:2      | Found Xukuifol's General Store.
  1983 | D:2      | Killed Jessica
  1984 | D:2      | Reached skill level 1 in Spellcasting
  1984 | D:2      | Reached XP level 4. HP: 12/31 MP: 5/5
  2257 | D:2      | Bought 3 atropa-tipped darts for 18 gold pieces
  2257 | D:2      | Bought 2 potions of curing for 60 gold pieces
  2352 | D:2      | Noticed Robin
  2590 | D:1      | Killed Robin
  2678 | D:1      | Reached XP level 5. HP: 20/36 MP: 6/6
  3106 | D:2      | You fall into a shaft and drop 2 floors!
  3606 | D:4      | Noticed a lemure
  3751 | D:3      | Reached XP level 6. HP: 42/43 MP: 8/8
  4378 | D:4      | Noticed Pikel
  5594 | D:4      | Killed Pikel
  5595 | D:4      | Reached skill level 5 in Stealth
  5595 | D:4      | Reached skill level 5 in Unarmed Combat
  5595 | D:4      | Reached XP level 7. HP: 49/49 MP: 8/11
  6046 | D:4      | Found Syjoururgh's General Store.
  6078 | D:4      | Reached XP level 8. HP: 37/54 MP: 12/12
  6240 | D:4      | Found an ornate altar of the Wu Jian Council.
  7139 | D:5      | Entered Level 5 of the Dungeon
  7323 | D:5      | Found a sand-covered staircase.
  7541 | D:5      | Noticed Menkaure
  7551 | D:4      | Reached skill level 5 in Fighting
  7551 | D:4      | Reached skill level 5 in Dodging
  7592 | Ossuary  | Entered an ossuary
  7868 | D:5      | Found a staircase to the Ecumenical Temple.
  7910 | Temple   | Entered the Ecumenical Temple
  8718 | Temple   | Became a worshipper of Gozag Ym Sagoz the Greedy
  9110 | D:5      | Killed Menkaure
  9111 | D:5      | Reached XP level 9. HP: 61/61 MP: 13/13
  9591 | D:6      | Noticed a seven-headed hydra
 11108 | D:7      | Found a broken altar of Ashenzari.
 11440 | D:7      | Found Hywoth's Weapon Shop.
 11799 | D:7      | Reached XP level 10. HP: 46/69 MP: 14/14
 13281 | D:8      | Found Effoson's Assorted Antiques.
 13729 | D:8      | Bought a scroll of identify for 48 gold pieces
 13729 | D:8      | Bought a scroll labelled XIOSCH LOXOIS for 24 gold pieces
 13729 | D:8      | Bought a scroll labelled OGREPPEUPY for 24 gold pieces
 14742 | D:9      | Noticed a two-headed ogre
 14946 | D:9      | HP: 2/71 [two-headed ogre (10)]
 14954 | D:8      | HP: 2/71 [something (4)]
 15444 | D:9      | Killed a two-headed ogre
 15445 | D:9      | Reached skill level 10 in Unarmed Combat
 15694 | D:9      | Reached skill level 10 in Stealth
 16745 | D:9      | Found a staircase to the Lair.
 17194 | D:10     | Entered Level 10 of the Dungeon
 17320 | D:10     | Noticed Sonja
 17449 | D:10     | Noticed a six-headed hydra
 17477 | D:10     | Reached XP level 11. HP: 43/76 MP: 15/15
 19156 | Lair:1   | Entered Level 1 of the Lair of Beasts
 20400 | Lair:1   | Noticed a four-headed hydra
 21456 | Lair:1   | Reached skill level 1 in Evocations
 22768 | Lair:1   | Learned a level 3 spell: Ignite Poison
 23146 | Lair:2   | Reached skill level 1 in Transmutations
 23992 | Lair:2   | Reached XP level 12. HP: 84/84 MP: 16/16
 24129 | Lair:2   | Identified the +0 plate armour of the Three Violins {Harm
                  | Int+3}
 25288 | Lair:3   | Found a hole to the Spider Nest.
 27349 | Lair:3   | Reached skill level 1 in Poison Magic
 29641 | Lair:4   | Noticed a six-headed hydra
 29972 | Lair:4   | Noticed a seven-headed hydra
 30115 | Lair:4   | Noticed a catoblepas
 30123 | Lair:4   | Killed a catoblepas
 30124 | Lair:4   | Reached skill level 5 in Evocations
 30320 | Lair:4   | You are sucked into a shaft and drop 1 floor!
 30427 | Lair:5   | Noticed a death yak
 30428 | Lair:5   | Noticed a death yak
 30430 | Lair:5   | Noticed a death yak
 30430 | Lair:5   | Noticed a death yak
 31112 | Lair:4   | Reached XP level 13. HP: 49/90 MP: 17/17
 31489 | Lair:4   | Found a staircase to the Shoals.
 35971 | D:9      | Learned a level 3 spell: Swiftness
 36507 | D:10     | Killed Sonja
 38158 | D:10     | Reached skill level 1 in Air Magic
 38160 | D:10     | Found a staircase to the Orcish Mines.
 38833 | D:11     | Reached skill level 5 in Transmutations
 38960 | D:11     | Noticed Josephine
 39878 | D:4      | Bought 16 poisoned darts for 76 gold pieces
 39880 | D:4      | Bought the ring "Baezxaci" {rPois rCorr Int+2 Slay+3} for
                  | 672 gold pieces
 39880 | D:4      | Bought the ring of the Circus Animal {Will+ Str+7 SInv} for
                  | 592 gold pieces
 40100 | D:11     | Reached skill level 10 in Dodging
 40503 | D:11     | Reached skill level 10 in Fighting
 41266 | D:12     | Found a gate leading to a gauntlet.
 41274 | Gauntlet | Entered a Gauntlet
 41274 | Gauntlet | Found a transporter.
 41274 | Gauntlet | Found a transporter.
 41275 | Gauntlet | Found a transporter.
 41275 | Gauntlet | Found a transporter.
 41278 | Gauntlet | Found a transporter.
 41293 | Gauntlet | Found a transporter.
 41294 | Gauntlet | Found a transporter.
 41357 | Gauntlet | Found a transporter.
 41359 | Gauntlet | Found a large runed translucent door.
 41360 | Gauntlet | Found a large runed translucent door.
 41361 | Gauntlet | Found a large runed translucent door.
 41361 | Gauntlet | Found a large runed translucent door.
 41361 | Gauntlet | Found a runed translucent door.
 41361 | Gauntlet | Found a runed translucent door.
 41362 | Gauntlet | Found a large runed translucent door.
 41363 | Gauntlet | Found a large runed translucent door.
 41364 | Gauntlet | Found a large runed translucent door.
 41364 | Gauntlet | Found a large runed translucent door.
 41365 | Gauntlet | Found a runed translucent gate.
 41365 | Gauntlet | Found a runed translucent gate.
 41365 | Gauntlet | Found a runed translucent gate.
 41367 | Gauntlet | Found a transporter.
 41377 | Gauntlet | Found a large runed translucent door.
 41377 | Gauntlet | Found a large runed translucent door.
 41378 | Gauntlet | Found a large runed translucent door.
 41379 | Gauntlet | Found a large runed translucent door.
 41383 | Gauntlet | Found a transporter.
 41389 | Gauntlet | Found a large runed translucent door.
 41389 | Gauntlet | Found a large runed translucent door.
 41390 | Gauntlet | Found a large runed translucent door.
 41391 | Gauntlet | Found a large runed translucent door.
 41399 | Gauntlet | Found a transporter.
 41415 | Gauntlet | Found a transporter.
 41453 | Gauntlet | Identified a scroll of acquirement
 41453 | Gauntlet | Acquired the +3 hat of Subruor {Str+4 Dex+5}
 41550 | Gauntlet | Paralysed by a floating eye for 2 turns
 41628 | Gauntlet | Learned a level 2 spell: Passwall
 41678 | Gauntlet | Identified the ring "Nilo" {SInv Stlth+}
 41820 | Gauntlet | Got the Tome of Mutagenic Air
 41824 | Gauntlet | Learned a level 2 spell: Wereblood
 41829 | Gauntlet | Learned a level 4 spell: Summon Lightning Spire
 41903 | Gauntlet | Identified the +2 chain mail "Jerysid" {rElec rC+++ Dex-4}
 42025 | Gauntlet | Identified the ring "Eciloiki" {rElec rF+ Will- Str+2
                  | Dex+2}
 42025 | Gauntlet | Noticed a minotaur
 42031 | Gauntlet | Killed a minotaur
 42043 | Gauntlet | Found the +5 robe of Night {Dark Will+ SInv}
 42122 | D:12     | Found a runed translucent door.
 42125 | D:12     | Noticed NigelTetley's ghost (journeyman MiFi)
 42155 | D:12     | Acquired a book of Sloth
 42157 | D:12     | Acquired 680 gold pieces
 42205 | D:12     | Noticed Psyche
 42210 | D:12     | Killed Psyche
 42359 | D:12     | Identified the +0 leather armour of Pauboij {rF++ rCorr
                  | Int-2}
 42714 | D:12     | Reached XP level 14. HP: 38/99 MP: 18/18
 43035 | D:12     | Noticed Frances
 43276 | D:12     | Noticed Snorg
 43356 | D:10     | Killed Josephine
 45892 | Lair:6   | Entered Level 6 of the Lair of Beasts
 47460 | Lair:6   | Found a viscous altar of Jiyva.
 47461 | Lair:6   | Found a staircase to the Slime Pits.
 47500 | Lair:6   | Noticed a dire elephant
 47500 | Lair:6   | Noticed a dire elephant
 47501 | Lair:6   | Noticed a dire elephant
 48337 | Lair:6   | Identified the +8 lajatang of Amidop {vorpal, *Rage rElec
                  | Str+4 Int+10}
 49348 | Lair:6   | Reached skill level 5 in Air Magic
 51164 | Lair:5   | Killed a dire elephant
 53220 | Orc:1    | Entered Level 1 of the Orcish Mines
 53222 | Orc:1    | Reached XP level 15. HP: 106/106 MP: 19/19
 53301 | Orc:1    | Noticed Erica
 54092 | Orc:1    | Noticed Urug
 54093 | Orc:1    | Killed Erica
 54102 | Orc:1    | Killed Urug
 54242 | Orc:1    | Noticed Erolcha
 54243 | Orc:1    | Found Focsien's Jewellery Emporium.
 54249 | Orc:1    | Killed Erolcha
 54423 | Orc:2    | Entered Level 2 of the Orcish Mines
 54423 | Orc:2    | Found a staircase to the Elven Halls.
 54520 | Orc:2    | Found a transporter.
 54579 | Orc:2    | Noticed sobakacece's ghost (journeyman MiFi)
 54683 | Orc:2    | Found a transporter.
 56080 | Orc:2    | Reached skill level 15 in Unarmed Combat
 56361 | Orc:2    | Found Fiunuma's Armour Boutique.
 56361 | Orc:2    | Found Titibuyt's Magic Scroll Shoppe.
 56363 | Orc:2    | Found Sietocug's Weapon Emporium.
 56365 | Orc:2    | Found Pybacad's Antique Weapon Shop.
 56716 | Orc:2    | Bought a scroll of teleportation for 45 gold pieces
 56716 | Orc:2    | Bought a scroll of summoning for 142 gold pieces
 56716 | Orc:2    | Bought a scroll of amnesia for 52 gold pieces
 56716 | Orc:2    | Bought 3 scrolls of silence for 337 gold pieces
 56716 | Orc:2    | Bought a scroll of teleportation for 45 gold pieces
 56716 | Orc:2    | Bought a scroll of identify for 30 gold pieces
 57053 | Orc:2    | Killed sobakacece's ghost
 57179 | Orc:2    | Identified the +0 cloak "Myigouji" {MP+9 Str+3}
 57192 | Orc:2    | Reached skill level 15 in Stealth
 57518 | Shoals:1 | Entered Level 1 of the Shoals
 57518 | Shoals:1 | Identified Roxanne's Volume of Clay
 57518 | Shoals:1 | Noticed Roxanne
 57732 | Shoals:1 | Killed Roxanne
 60943 | D:13     | Reached XP level 16. HP: 102/114 MP: 20/20
 61523 | D:13     | Found a gate to the Vaults.
 61884 | D:14     | Found a flagged portal.
 61913 | Bailey   | Entered a bailey
 62160 | Bailey   | Found the +9 scales of the Dragon King {rPois rF+ rC+
                  | Will+}
 63582 | D:15     | Entered Level 15 of the Dungeon
 64849 | D:15     | Found a staircase to the Depths.
 65623 | Spider:1 | Entered Level 1 of the Spider Nest
 68279 | Spider:3 | Reached XP level 17. HP: 120/120 MP: 21/21
 69749 | Spider:4 | Entered Level 4 of the Spider Nest
 70276 | Spider:4 | Learned a level 3 spell: Mephitic Cloud
 72498 | Spider:4 | Reached skill level 10 in Transmutations
 72796 | Spider:4 | Got a gossamer rune of Zot
 73427 | Shoals:2 | Found Hoerphy's Assorted Antiques.
 73448 | Shoals:2 | Bought a potion of heal wounds for 155 gold pieces
 73468 | Shoals:2 | Found Zaorax's Assorted Antiques.
 73474 | Shoals:2 | Found Peiblemuripn's Antique Armour Shop.
 73488 | Shoals:2 | Found Oseke's Distillery.
 73496 | Shoals:2 | Bought 2 potions of curing for 78 gold pieces
 73496 | Shoals:2 | Bought a potion of heal wounds for 65 gold pieces
 73496 | Shoals:2 | Bought a potion of curing for 39 gold pieces
 73496 | Shoals:2 | Bought a potion of curing for 39 gold pieces
 75756 | Shoals:3 | Noticed a kraken
 76336 | Shoals:3 | Reached XP level 18. HP: 128/128 MP: 22/22
 76359 | Shoals:3 | Acquired a manual of Fighting
 78569 | Shoals:3 | Slain by a faun

Illustrated notes

Levels and vault maps discovered:
D:1:      onia_arrival_handbag, layout_basic, chequers_decorated_corner
D:2:      minmay_spotlight, layout_rooms, serial_shops, shop, shop, uniq_robin,
          uniq_jessica
D:3:      layout_rooms, nrook_uturn
D:4:      layout_gridville, serial_shops, shop, minmay_ruined_shrine, uniq_pikel
D:5:      layout_basic, temple_doors_e, chequers_ossuary_entry_cave,
          kennysheep_crisscross, uniq_menkaure
D:6:      layout_loops_ring
D:7:      layout_loops_corners, mainiacjoe_overflow_brackets, serial_shops,
          kennysheep_mini, minmay_ruffians
D:8:      layout_cave_pools, serial_shops, nicolae_shop_window_shopping,
          hangedman_abyss_or_decor_passed
D:9:      layout_loops_corners, lair_entry_dummy, hangedman_decor_opposing,
          minmay_fractal_squares_diagonal_5
D:10:     layout_rooms, erik_orc_2, hangedman_corner_corridor, uniq_sonja
D:11:     nicolae_whirlpool, layout_basic, uniq_josephine
D:12:     layout_cave_pods, gauntlet_entry_generic, special_room
          [special_room_bee], hellmonk_ghost_big_iron, uniq_snorg, uniq_psyche,
          uniq_frances
D:13:     layout_stronghold, david_vaults_5
D:14:     layout_loops_corners, infiniplex_staircase_spiral, enter_bailey_5,
          serial_bayou_pond_c
D:15:     grunt_enter_depths_hoard, layout_irregular_city, chequers_avenue
Temple:   nicolae_temple_the_god_donut
Lair:1:   layout_cave_pods, serial_bayou_shore_a
Lair:2:   layout_small_grid, infiniplex_staircase_pool
Lair:3:   layout_gridlike, spider_nest_entry_rubble
Lair:4:   layout_cave_pods, minmay_shoals_entry_hut, grunt_megastairs_4,
          serial_bayou_shore_b
Lair:5:   layout_misc_corridors
Lair:6:   due_jungle_book, layout_loops_ring, dpeg_slime_entry_enclosed_altar
Shoals:1: layout_shoals, nicolae_shoals_this_corrosion, uniq_roxanne
Shoals:2: layout_shoals, serial_shops, nicolae_diamond_shop, shop,
          nicolae_shop_statue_plus, nicolae_lakefront_shop,
          nicolae_shoals_pincushion_passage
Shoals:3: cheibrodos_shoals_baths, layout_shoals
Spider:1: layout_spider_delve, nicolae_spider_undead_wolf_pack
Spider:2: layout_spider_delve, nicolae_spider_spiderdrome
Spider:3: layout_chambers
Spider:4: spider_rune_water
Orc:1:    layout_diamond_mine, basic_altar, serial_shops, nicolae_diamond_shop,
          uniq_urug, uniq_erolcha, uniq_erica
Orc:2:    st_orc_rangers, layout_caves, gammafunk_ghost_berserking_beasts

Skill      XL: |  1  2  3  4  5  6  7  8  9 10 11 12 13 14 15 16 17 |
---------------+----------------------------------------------------+-----
Stealth        | 3 4 5 7 8 10 11 12 13 14 15 16 17 | 17.4
Spellcasting   | 1 2 3 |  3.1
Unarmed Combat | 4 5 6 7 9 10 11 12 13 14 15 16 17 | 17.3
Fighting       | 4 5 6 7 8 9 10 11 12 13 | 13.2
Dodging        | 4 5 6 7 8 9 10 11 12 13 | 13.1
Evocations     | 3 5 |  5.7
Transmutations | 2 4 5 7 8 9 10 | 10.7
Poison Magic   | 3 4 |  4.3
Air Magic      | 3 5 6 8 9 |  9.5

Action                   |  1- 3 |  4- 6 |  7- 9 | 10-12 | 13-15 | 16-18 || total
-------------------------+-------+-------+-------+-------+-------+-------++-------
Melee: Unarmed           |    78 |   139 |   256 |   648 |   951 |   682 ||  2754
       Constrict         |    24 |    39 |    44 |    73 |   111 |   170 ||   461
       Tentacles         |    19 |    32 |    63 |   192 |   354 |   261 ||   921
       Punch             |     1 |     3 |    16 |    83 |   204 |   183 ||   490
       Dagger            |       |     3 |       |     1 |       |       ||     4
 Fire: Shortbow          |       |       |       |       |    21 |       ||    21
Throw: Stone             |    51 |    23 |       |     1 |     2 |       ||    77
       Dart              |       |     4 |     3 |    38 |   110 |    54 ||   209
       Javelin           |       |       |    14 |    25 |    25 |       ||    64
 Cast: Ignite Poison     |       |       |       |       |    10 |     6 ||    16
       Summon Lightning  |       |       |       |       |     4 |     3 ||     7
       Swiftness         |       |       |       |       |     3 |     1 ||     4
       Wereblood         |       |       |       |       |       |     1 ||     1
       Mephitic Cloud    |       |       |       |       |       |    12 ||    12
Invok: Potion Petition   |       |       |       |     1 |    10 |     5 ||    16
       Call Merchant     |       |       |       |       |     1 |       ||     1
Evoke: Wand              |       |     1 |     5 |    33 |    11 |     6 ||    56
       Box of beasts     |       |       |       |     1 |     1 |     1 ||     3
       Condenser vane    |       |       |       |       |     1 |     1 ||     2
  Use: Scroll            |       |       |     8 |    18 |    17 |     5 ||    48
       Potion            |       |       |       |     6 |     4 |     3 ||    13
 Stab: Sleeping          |     3 |    11 |    19 |    23 |    32 |    39 ||   127
       Paralysed         |       |     3 |     5 |       |       |       ||     8
       Invisible         |       |       |     1 |     1 |     1 |     2 ||     5
       Distracted        |       |       |       |     5 |    20 |    13 ||    38
       Confused          |       |       |       |       |       |     3 ||     3
Armor: Skin              |     4 |     8 |    11 |    15 |    57 |    32 ||   127
Dodge: Dodged            |    51 |    77 |   110 |   433 |   653 |   638 ||  1962

Table legend: (Time is in decaauts)
 A = Elapsed time spent in this place.
 B = Non-inter-level travel time spent in this place.
 C = Inter-level travel time spent in this place.
 D = Time resting spent in this place.
 E = Time spent auto-exploring this place.
 F = Levels seen in this place.
 G = Mean time per level.
                   A        B        C        D        E       F      G
               +--------+--------+--------+--------+--------+-----+--------+
         Total |  78167 |  73731 |   4436 |  28591 |  27568 |  34 | 2299.0 |
       Dungeon |  31703 |  29731 |   1972 |  10725 |  12251 |  15 | 2113.5 |
        Temple |    821 |    770 |     51 |      0 |    754 |   1 |  821.0 |
          Lair |  26170 |  24453 |   1717 |  12355 |   6054 |   6 | 4361.7 |
        Shoals |   7136 |   6935 |    201 |   2512 |   2688 |   3 | 2378.7 |
   Spider Nest |   7497 |   7187 |    310 |   1713 |   4292 |   4 | 1874.2 |
  Orcish Mines |   3480 |   3296 |    184 |   1193 |   1301 |   2 | 1740.0 |
       Ossuary |    232 |    232 |      0 |     23 |     34 |   1 |  232.0 |
        Bailey |    326 |    326 |      0 |      0 |     94 |   1 |  326.0 |
      Gauntlet |    799 |    799 |      0 |     69 |    100 |   1 |  799.0 |
               +--------+--------+--------+--------+--------+-----+--------+

Top non-repeatable levels by time:
  Lair:4: 6238 daAuts
     D:9: 4888 daAuts
    D:10: 4646 daAuts
  Lair:6: 4617 daAuts
  Lair:2: 4348 daAuts
  Lair:1: 4223 daAuts
  Lair:3: 3439 daAuts
  Lair:5: 3303 daAuts
     D:4: 3236 daAuts
Shoals:2: 3039 daAuts
Spider:4: 2846 daAuts
     D:8: 2487 daAuts
     D:7: 2217 daAuts
Shoals:3: 2176 daAuts
     D:1: 2155 daAuts
